 Dungeon Crawl Stone Soup version 0.31-a0-960-g0fca184906 (webtiles) character file.

Game seed: 2475224953572093060

1370 Mgcat the Chopper (level 8, 0/55 HPs)
             Began as an Octopode Fighter on Oct 23, 2023.
             Shot with an arrow by a centaur (6 damage)
             ... on level 6 of the Dungeon.
             The game lasted 00:10:16 (5416 turns).

Mgcat the Chopper (Octopode Fighter)                Turns: 5416, Time: 00:10:17

Health: 0/55       AC:  1    Str: 24    XL:     8   Next: 65%
Magic:  8/8        EV: 14    Int: 10    God:
Gold:   78         SH:  5    Dex: 11    Spells: 7/7 levels left

rFire   x . .        a - +1 war axe
rCold   + + .        b - +0 buckler
rNeg    + . .        (helmet restricted)
rPois   .            (no amulet)
rElec   .            j - ring of resist corrosion
rCorr   +            l - ring of positive energy {rN+}
SInv    .            d - +6 ring of strength
Will    +....        s - ring of willpower
Stlth   +++++        p - ring of ice {rC+, rF-}
HPRegen 0.29/turn    u - ring of protection from cold {rC+, !d}
MPRegen 0.11/turn    (no ring)
                     (no ring)

%: no passive effects
@: no status effects
A: almost no armour, amphibious, 8 rings, camouflage 1, gelatinous body 1,
nimble swimmer 1, tentacles
a: no special abilities


You were on level 6 of the Dungeon.
You visited 2 branches of the dungeon, and saw 7 of its levels.
You also visited: Sewer.

You collected 323 gold pieces.
You spent 245 gold pieces at shops.

Inventory:

Hand Weapons
 a - a +1 war axe (weapon)
Missiles
 t - 41 stones (quivered)
Armour
 b - a +0 buckler (worn)
Jewellery
 d - a +6 ring of strength (on tentacle)
   (You found it on level 4 of the Dungeon)
 j - a ring of resist corrosion (left tentacle)
   (You found it on level 1 of the Dungeon)
 l - a ring of positive energy (right tentacle) {rN+}
   (You found it on level 2 of the Dungeon)
 p - a ring of ice (on tentacle) {rC+, rF-}
   (You found it on level 4 of the Dungeon)
 s - a ring of willpower (on tentacle)
   (You found it on level 3 of the Dungeon)
 u - a ring of protection from cold (on tentacle) {rC+, !d}
   (You found it on level 6 of the Dungeon)
Wands
 q - a wand of iceblast (8)
   (You took it off a kobold on level 4 of the Dungeon)
Scrolls
 e - 4 scrolls of teleportation
 i - 2 scrolls of fog
 n - 2 scrolls of poison {!r}
 x - a scroll of noise {unknown}
Potions
 c - a potion of might
 f - 2 potions of lignification {!q}
 g - 4 potions of curing
 h - 3 potions of haste
 k - a potion of resistance
 m - a potion of invisibility
 o - a potion of mutation {!q}
 r - a potion of attraction {unknown}
 w - a potion of magic


   Skills:
 + Level 5.2 Fighting
 * Level 6.4 Axes
 + Level 5.2 Dodging
 - Level 5.0 Stealth
 + Level 5.1 Shields


You had 7 spell levels left.
You didn't know any spells.
Your spell library was empty.

Dungeon Overview and Level Annotations

Branches:
Dungeon (6/15)             Temple (1/1) D:4           Sewer (visited)

Altars:
Cheibriados
Dithmenos
Elyvilon
Fedhas
Hepliaklqana
Kikubaaqudgha
Okawaru
Qazlal
Trog
Uskayaw
Wu Jian
Xom
Zin

Shops:
D:2 ?=[[

Annotations:
D:6 exclusions: orc priest and orc wizard


Innate Abilities, Weirdness & Mutations

You cannot wear most types of armour.
You are amphibious.
You can wear up to eight rings at the same time.
Your skin changes colour to match your surroundings (Stealth+).
Your rubbery body absorbs attacks. (AC +1, EV +1)
You are camouflaged when in or above water. (Stealth+)
You have tentacles for arms and can constrict up to eight enemies at once.


Message History

Press ? for a list of commands and other information.
There is an open door here.
You now have 33 gold pieces (gained 6).
You now have 51 gold pieces (gained 18).
Found a stone staircase leading down.
You open the door.
There is an open door here.
A centaur comes into view.
The centaur shouts!
You hear a shout! x2
The centaur wields a +0 orcbow.
The centaur shoots an arrow.
You block the arrow.
Spoiler Alert: The centaur is fast and can hit for moderate damage at range!
There is an open door here.
You start waiting.
Done waiting.
There is an open door here.
v - a scroll of identify You now have 66 gold pieces (gained 15).
You now have 78 gold pieces (gained 12).
x - a scroll labelled SUEKHU LEAMELI
As you read the scroll of identify, it crumbles to dust.
o - a potion of mutation You enter the deep water.
A centaur comes into view.
Spoiler Alert: The centaur (wandering) is fast and can hit for moderate damage at range!
A centaur comes into view.
Lua error: [string "/dgldir/rcfiles/crawl-git/Mgcat.rc"]:930: invalid capture index Lua error: [string "/dgldir/rcfiles/crawl-git/Mgcat.rc"]:930: invalid capture index A centaur comes into view.
The centaur moves out of view.
Lua error: [string "/dgldir/rcfiles/crawl-git/Mgcat.rc"]:930: invalid capture index Spoiler Alert: The centaur (wandering) is fast and can hit for moderate damage at range!
You enter the deep water.
Lua error: [string "/dgldir/rcfiles/crawl-git/Mgcat.rc"]:930: invalid capture index Lua error: [string "/dgldir/rcfiles/crawl-git/Mgcat.rc"]:930: invalid capture index The centaur shouts!
The centaur hits you. The centaur closely misses you.
You hear a shout!
You take 2 damage, and have 53/55 hp.
Warning x2: The centaur is fast and can hit for moderate damage at range! x2
You slash the centaur!
The centaur is moderately wounded.
The centaur shoots an arrow.
The arrow misses you. The centaur closely misses you.
The centaur barely misses you.
You hear a shout!
You hit the centaur. You squeeze the centaur.
The centaur is heavily wounded.
The centaur shoots an arrow.
The arrow completely misses you. The centaur barely misses you.
The centaur kicks you.
The centaur shoots an arrow.
The arrow completely misses you.
You take 1 damage, and have 53/55 hp.
Warning x2: The centaur is fast and can hit for moderate damage at range! x2
You slash the centaur!
You kill the centaur!
The centaur shoots an arrow.
The arrow completely misses you.
A centaur comes into view.
You enter the deep water.
The centaur shoots an arrow.
You block the arrow.
Health restored: 55 Spoiler Alert: The centaur is fast and can hit for moderate damage at range!
The centaur shoots an arrow.
The arrow hits you!
You take 14 damage, and have 41/55 hp.
MASSIVE DAMAGE!!
You start resting.
A centaur is nearby!
Lua error: [string "/dgldir/rcfiles/crawl-git/Mgcat.rc"]:930: invalid capture index The centaur shoots an arrow.
The arrow barely misses you.
Warning x2: The centaur is fast and can hit for moderate damage at range!
The centaur (wandering) is fast and can hit for moderate damage at range!
The centaur shoots an arrow.
You block the arrow.
You enter the deep water.
The centaur unwields a +0 orcbow.
The centaur hits you. The centaur closely misses you. The centaur hits you.
The centaur barely misses you.
You take 8 damage, and have 35/55 hp.
Spoiler Alert: The centaur is fast and can hit for moderate damage at range!
You barely miss the centaur. The centaur hits you.
The centaur barely misses you. The centaur hits you.
You block the centaur's attack.
You take 6 damage, and have 29/55 hp.
You hit the centaur but do no damage. The centaur closely misses you.
The centaur misses you. The centaur hits you. The centaur barely misses you.
You take 4 damage, and have 25/55 hp.
Spoiler Alert: The centaur is fast and can hit for moderate damage at range!
You slash the centaur!
The centaur is heavily wounded.
The centaur barely misses you. The centaur misses you.
Warning x2: The centaur is fast and can hit for moderate damage at range! x2
You hit the centaur.
The centaur is severely wounded.
The centaur hits you. The centaur barely misses you.
The centaur wields a +0 shortbow.
The centaur shoots an arrow.
The arrow hits you!
* * * LOW HITPOINT WARNING * * *
The centaur barely misses you. You block the centaur's attack.
The centaur shoots an arrow.
The arrow closely misses you.
You take 20 damage, and have 6/55 hp.
MASSIVE DAMAGE!!
Warning x2: The centaur is fast and can hit for moderate damage at range! x2
You slash the centaur!
You kill the centaur!
The centaur shoots an arrow.
The arrow hits you.
You die...

.≈≈≈≈≈≈≈≈≈≈≈......≈≈≈≈≈≈.#
.≈≈≈≈≈≈≈≈≈≈.c..c...≈≈≈≈≈.#
.≈≈≈≈≈≈≈≈≈≈..# #...≈≈≈≈≈.#
..≈≈≈≈≈≈≈≈≈..# ....≈≈≈≈.#
##≈≈≈≈≈≈≈≈≈..# ...≈≈≈#
##.≈≈≈≈≈≈≈≈≈.# #.)≈≈≈#.#
##.##≈≈≈≈≈≈≈.# ##.≈≈≈≈..#
...###≈≈≈≈≈≈c####)≈≈≈≈#.##
...# ###≈≈≈≈≈..≈@≈≈≈≈...#
...# ##≈≈≈≈≈≈≈≈≈≈≈..###
.........##≈≈≈≈≈≈.....#
.#.#####..........#####
.#.# ############ .+.#
.### .# .#


You could see a centaur.

Vanquished Creatures
  Sigmund (D:5)
  An ice beast (D:6)
  An orc warrior (D:6)
  A sky beast (D:5)
  Pargi (Sewer)
  2 centaurs (D:6)
  3 scorpions
  A howler monkey (D:6)
  A jelly (D:6)
  2 hounds (D:5)
  5 orc priests
  A sleepcap (D:4)
  A gnoll bouda (D:4)
  3 iguanas
  5 gnolls
  8 adders
  A worm (D:3)
  A dart slug (D:3)
  12 orcs
  2 endoplasms (D:3)
  5 giant cockroaches
  A hobgoblin (D:2)
  A quokka (D:3)
  3 ball pythons
  4 bats
  2 frilled lizards (D:3)
  4 goblins
  13 kobolds
  3 rats
89 creatures vanquished.

Notes
Turn   | Place    | Note
-------+----------+-------------------------------------------
     0 | D:1      | Mgcat the Octopode Fighter began the quest for the Orb.
     0 | D:1      | Reached XP level 1. HP: 16/16 MP: 1/1
   150 | D:1      | Reached XP level 2. HP: 18/21 MP: 2/2
   399 | D:1      | Reached skill level 1 in Stealth
   435 | D:2      | Identified the +4 pair of gloves of Tamecs {rC+ Regen+
                  | Slay+2}
   469 | D:2      | Found Cainatio's Magic Scroll Boutique.
   479 | D:2      | Found an ornate altar of the Wu Jian Council.
   481 | D:2      | Bought a scroll of identify for 28 gold pieces
   546 | D:2      | Reached XP level 3. HP: 23/26 MP: 3/3
   596 | D:2      | Found Qodycecs's Antique Armour Boutique.
   709 | D:2      | Found Xepauv's Jewellery Boutique.
   761 | D:2      | Identified the +5 dagger "Gihid" {heavy, rC+ Will+ Str+3}
   874 | D:2      | Found Zokhez's Armour Shoppe.
  1006 | D:3      | Found a shadowy altar of Dithmenos.
  1399 | D:3      | Reached skill level 3 in Axes
  1399 | D:3      | Reached XP level 4. HP: 24/31 MP: 4/4
  1438 | D:3      | Found a faded altar of an unknown god.
  1653 | D:3      | Reached skill level 2 in Stealth
  1673 | D:3      | Found a glowing silver altar of Zin.
  2055 | D:4      | Found a staircase to the Ecumenical Temple.
  2111 | Temple   | Entered the Ecumenical Temple
  2226 | D:4      | HP: 2/31 [sleepcap (21)]
  2379 | D:4      | Found a shimmering altar of Xom.
  2379 | D:4      | Found an iron altar of Okawaru.
  2729 | D:5      | Entered Level 5 of the Dungeon
  2731 | D:5      | Found an ornate altar of the Wu Jian Council.
  2738 | D:5      | Reached XP level 5. HP: 31/36 MP: 5/5
  2811 | D:5      | Reached skill level 3 in Stealth
  2811 | D:5      | Reached XP level 6. HP: 31/43 MP: 6/6
  2926 | D:5      | Reached skill level 4 in Axes
  3093 | D:5      | Noticed Sigmund
  3104 | D:5      | Noticed a sky beast
  3113 | D:5      | Killed a sky beast
  3114 | D:5      | Reached skill level 4 in Fighting
  3114 | D:5      | Reached skill level 4 in Dodging
  3114 | D:5      | Reached skill level 4 in Shields
  3424 | D:4      | Reached XP level 7. HP: 34/48 MP: 7/7
  3852 | D:5      | Reached skill level 4 in Stealth
  4038 | D:5      | Reached skill level 5 in Axes
  4133 | D:5      | Killed Sigmund
  4338 | D:2      | Bought a scroll of enchant weapon for 105 gold pieces
  4339 | D:2      | Bought a scroll of identify for 28 gold pieces
  4339 | D:2      | Bought a scroll of teleportation for 42 gold pieces
  4339 | D:2      | Bought a scroll of teleportation for 42 gold pieces
  4523 | D:6      | Reached XP level 8. HP: 54/54 MP: 8/8
  4695 | D:6      | Reached skill level 5 in Stealth
  4851 | D:6      | Found a glowing drain.
  4855 | Sewer    | Entered a sewer
  4949 | Sewer    | Noticed Pargi
  4956 | Sewer    | Killed Pargi
  4957 | Sewer    | Reached skill level 5 in Fighting
  4957 | Sewer    | Reached skill level 6 in Axes
  4957 | Sewer    | Reached skill level 5 in Dodging
  5065 | D:6      | Reached skill level 5 in Shields
  5415 | D:6      | HP: 6/55 [centaur/arrow (15)]
  5416 | D:6      | Shot with an arrow by a centaur

Illustrated notes

Levels and vault maps discovered:
D:1:      dpeg_arrival_tiny_k, layout_basic
D:2:      layout_basic, basic_altar, serial_shops, shop,
          nicolae_shop_tiny_real_fake_doors, nicolae_shop_hallway_plus,
          nicolae_shop_gaudy_bauble, minmay_hexomino_f4
D:3:      layout_loops_ring, nicolae_dithmenos_shadow_blocks, zin_treasury,
          hellmonk_ecumenical_altar_defaced_shrine, minmay_statues_item
D:4:      layout_loops_cross, gammafunk_temple_overflow_wave,
          minmay_temple_entry_drinking_statues
D:5:      layout_rooms, lemuel_crystal_altar, uniq_sigmund
D:6:      layout_basic, mainiacjoe_sewer_entry_somewhere_in_here_2,
          centaur_isle, uniq_crazy_yiuf_cottage
Temple:   nicolae_temple_ecumenical_triangle

Skill      XL: |  1  2  3  4  5  6  7  8 |
---------------+-------------------------+-----
Stealth        | 1 2 3 4 5 |  5.0
Axes           | 3 4 5 6 |  6.4
Fighting       | 4 5 |  5.2
Dodging        | 4 5 |  5.2
Shields        | 4 5 |  5.1

Action                     |  1- 3 |  4- 6 |  7- 9 || total
---------------------------+-------+-------+-------++-------
  Melee: War axe           |    51 |    54 |    86 ||   191
         Constrict         |    13 |    15 |    20 ||    48
         Tentacles         |     9 |     7 |    24 ||    40
         Punch             |       |     1 |     2 ||     3
  Throw: Stone             |       |       |     2 ||     2
    Use: Scroll            |     3 |    10 |     3 ||    16
         Potion            |       |       |     1 ||     1
   Stab: Sleeping          |     7 |     7 |     7 ||    21
 Armour: Skin              |    18 |    34 |    61 ||   113
  Dodge: Dodged            |    17 |    33 |    67 ||   117
  Block: Buckler           |     6 |    10 |    20 ||    36

Table legend: (Time is in decaauts)
 A = Elapsed time spent in this place.
 B = Non-inter-level travel time spent in this place.
 C = Inter-level travel time spent in this place.
 D = Time resting spent in this place.
 E = Time spent auto-exploring this place.
 F = Levels seen in this place.
 G = Mean time per level.
                   A        B        C        D        E       F      G
               +--------+--------+--------+--------+--------+-----+--------+
         Total |   5483 |   5143 |    340 |   1349 |   2830 |   8 |  685.4 |
       Dungeon |   5265 |   4947 |    318 |   1349 |   2687 |   6 |  877.5 |
        Temple |     23 |      1 |     22 |      0 |      0 |   1 |   23.0 |
         Sewer |    194 |    194 |      0 |      0 |    143 |   1 |  194.0 |
               +--------+--------+--------+--------+--------+-----+--------+

Top non-repeatable levels by time:
     D:4: 1339 daAuts
     D:3: 1107 daAuts
     D:5: 1027 daAuts
     D:6: 797 daAuts
     D:2: 571 daAuts
     D:1: 422 daAuts
   Sewer: 194 daAuts
  Temple: 23 daAuts

Levels and vault maps discovered:
D:1:      dpeg_arrival_tiny_k, layout_basic
D:2:      layout_basic, basic_altar, serial_shops, shop,
          nicolae_shop_tiny_real_fake_doors, nicolae_shop_hallway_plus,
          nicolae_shop_gaudy_bauble, minmay_hexomino_f4
D:3:      layout_loops_ring, nicolae_dithmenos_shadow_blocks, zin_treasury,
          hellmonk_ecumenical_altar_defaced_shrine, minmay_statues_item
D:4:      layout_loops_cross, gammafunk_temple_overflow_wave,
          minmay_temple_entry_drinking_statues
D:5:      layout_rooms, lemuel_crystal_altar, uniq_sigmund
D:6:      layout_basic, mainiacjoe_sewer_entry_somewhere_in_here_2,
          centaur_isle, uniq_crazy_yiuf_cottage
Temple:   nicolae_temple_ecumenical_triangle

Table legend: (Time is in decaauts)
 A = Elapsed time spent in this place.
 B = Non-inter-level travel time spent in this place.
 C = Inter-level travel time spent in this place.
 D = Time resting spent in this place.
 E = Time spent auto-exploring this place.
 F = Levels seen in this place.
 G = Mean time per level.
                   A        B        C        D        E       F      G
               +--------+--------+--------+--------+--------+-----+--------+
         Total |   5483 |   5143 |    340 |   1349 |   2830 |   8 |  685.4 |
       Dungeon |   5265 |   4947 |    318 |   1349 |   2687 |   6 |  877.5 |
        Temple |     23 |      1 |     22 |      0 |      0 |   1 |   23.0 |
         Sewer |    194 |    194 |      0 |      0 |    143 |   1 |  194.0 |
               +--------+--------+--------+--------+--------+-----+--------+

Top non-repeatable levels by time:
     D:4: 1339 daAuts
     D:3: 1107 daAuts
     D:5: 1027 daAuts
     D:6: 797 daAuts
     D:2: 571 daAuts
     D:1: 422 daAuts
   Sewer: 194 daAuts
  Temple: 23 daAuts

Table legend:
 A = Kills in this place as a percentage of kills in the entire game.
 B = Kills by you in this place as a percentage of kills by you in the entire game.
 C = Kills by friends in this place as a percentage of kills by friends in the entire game.
 D = Other kills in this place as a percentage of other kills in the entire game.
 E = Experience gained in this place as a percentage of experience gained in the entire game.
 F = Experience gained in this place divided by the number of levels of this place that you have seen.
                   A       B       C       D       E      F
               +-------+-------+-------+-------+-------+----------------------
         Total | 100.0 | 100.0 |   N/A |   N/A | 100.0 | 258.8
       Dungeon |  91.0 |  91.0 |   N/A |   N/A |  93.2 | 321.7
         Sewer |   9.0 |   9.0 |   N/A |   N/A |   6.8 | 140.0
               +-------+-------+-------+-------+-------+----------------------
